 Dungeon Crawl Stone Soup version 0.26-a0-1176-g060ceda6a5 (webtiles) character file.

Game seed: 16364101518960356800

97 raph the Chopper (level 4, -5/39 HPs)
             Began as a Hill Orc Fighter on Dec 24, 2020.
             Killed from afar by an orc wizard (8 damage)
             ... with a magic dart
             ... on level 3 of the Dungeon.
             The game lasted 00:02:23 (1799 turns).

raph the Chopper (Hill Orc Fighter)                 Turns: 1799, Time: 00:02:24

Health: -5/39      AC:  8    Str: 18    XL:     4   Next: 68%
Magic:  4/4        EV:  7    Int:  8    God:
Gold:   134        SH:  9    Dex: 11    Spells: 3/3 levels left

rFire    . . .     SeeInvis .   a - +0 war axe
rCold    . . .     Faith    .   c - +0 kite shield
rNeg     . . .     Spirit   .   b - +0 scale mail
rPois    .         Reflect  .   (no helmet)
rElec    .         Harm     .   k - +0 cloak
rCorr    .         Rampage  .   (no gloves)
Will     .....                  (no boots)
Stlth    ..........             (no amulet)
HPRegen  0.13/turn              (no ring)
MPRegen  0.09/turn              (no ring)

@: mighty
A: no striking features
a: no special abilities


You were on level 3 of the Dungeon.
You visited 1 branch of the dungeon, and saw 3 of its levels.

You collected 134 gold pieces.

Inventory:

Hand Weapons
 a - a +0 war axe (weapon)
Armour
 b - a +0 scale mail (worn)
 c - a +0 kite shield (worn)
 k - a +0 cloak (worn)
Scrolls
 e - 4 scrolls of identify {unknown}
 f - a scroll of magic mapping {unknown}
 h - a scroll of random uselessness {unknown}
 j - a scroll of blinking {unknown}
 l - a scroll of enchant weapon {unknown}
 o - a scroll of amnesia {unknown}
Potions
 d - a potion of might
 g - a potion of heal wounds {unknown}
 i - a potion of resistance {unknown}
 m - 2 potions of brilliance {unknown}
 n - a potion of curing {unknown}
 p - a potion of berserk rage {unknown}


   Skills:
 - Level 3.6 Fighting
 * Level 6.3 Axes
 - Level 3.2 Armour
 - Level 3.2 Shields


You had 3 spell levels left.
You didn't know any spells.
Your spell library contained the following spells:

 Spells                   Type           Power        Failure   Level
 Magic Dart               Conj           0%           99%         1
 Searing Ray              Conj           0%           100%        2
 Dazzling Flash           Conj/Hex       0%           100%        3
 Fulminant Prism          Conj/Hex       0%           100%        4
 Iskenderun's Mystic Bla  Conj/Tloc      0%           100%        4


Dungeon Overview and Level Annotations

Branches:
Dungeon (3/15)

Altars:


Message History

The orc hits you but does no damage.
You slice the orc!!
You kill the orc!
The goblin hits you.
* * * LOW HITPOINT WARNING * * *
You slice the goblin!!
You kill the goblin!
You block the orc's attack.
You slash the orc!
You kill the orc!
The orc wizard casts a spell.
The orc wizard blinks!
The orc wizard hits you but does no damage.
Items here: ))) ? [[ ††.
Your shield prevents you from hitting the orc wizard.
The orc wizard is severely wounded.
You block the orc wizard's attack.
The orc wizard points at you and mumbles some strange words.
The magic dart hits you!
You die...

............g....... #.
##.##........o.o.... .
.............###### .#
.........#.#.##### ..#
.#..##...#...)...##..###
.............g..........
....................###
.............###o##..#
....##..##...# #@# ....
....##.. #...# #.# ...
.............# #.#
.........#..####.#
....##.#.#........
.............# #.#
#............###.#
.............. ...
....<......#.# #.##


You could see an orc wizard (fast).

Vanquished Creatures
  A gnoll (D:1)
  3 adders
  A dart slug (D:3)
  2 leopard geckos (D:1)
  6 orcs (D:3)
  2 giant cockroaches
  8 goblins
  7 hobgoblins
  4 kobolds
  2 quokkas (D:2)
  4 bats
  4 frilled lizards
  3 rats
47 creatures vanquished.

Notes
Turn   | Place    | Note
-------+----------+-------------------------------------------
     0 | D:1      | raph the Hill Orc Fighter began the quest for the Orb.
     0 | D:1      | Reached XP level 1. HP: 19/19 MP: 1/1
    18 | D:1      | Reached skill level 3 in Axes
   263 | D:1      | Reached XP level 2. HP: 22/26 MP: 2/2
   396 | D:1      | Reached skill level 4 in Axes
   503 | D:1      | Reached XP level 3. HP: 28/31 MP: 3/3
   856 | D:2      | Reached skill level 5 in Axes
  1474 | D:3      | Reached XP level 4. HP: 39/39 MP: 4/4
  1657 | D:3      | Reached skill level 6 in Axes
  1799 | D:3      | Killed from afar by an orc wizard

Illustrated notes

Levels and vault maps discovered:
D:1:      minmay_arrival_statue_studded, layout_basic
D:2:      layout_loops_cross, minmay_pentomino_z2
D:3:      layout_basic, ebering_ghost_disaster_area

Skill      XL: |  1  2  3  4 |
---------------+-------------+-----
Axes           | 3 4 5 6 |  6.3
Fighting       | |  3.6
Armour         | |  3.2
Shields        | |  3.2

Action                   |  1- 3 |  4- 6 || total
-------------------------+-------+-------++-------
Melee: War axe           |    86 |    62 ||   148
  Use: Potion            |       |     1 ||     1
Armor: Scale mail        |    30 |    22 ||    52
Dodge: Dodged            |    22 |    18 ||    40
Block: Kite shield       |    41 |    26 ||    67

Table legend: (Time is in decaauts)
 A = Elapsed time spent in this place.
 B = Non-inter-level travel time spent in this place.
 C = Inter-level travel time spent in this place.
 D = Time resting spent in this place.
 E = Time spent auto-exploring this place.
 F = Levels seen in this place.
 G = Mean time per level.
                   A        B        C        D        E       F      G
               +--------+--------+--------+--------+--------+-----+--------+
         Total |   1846 |   1795 |     51 |    424 |    983 |   3 |  615.3 |
       Dungeon |   1846 |   1795 |     51 |    424 |    983 |   3 |  615.3 |
               +--------+--------+--------+--------+--------+-----+--------+

Top non-repeatable levels by time:
     D:1: 810 daAuts
     D:2: 687 daAuts
     D:3: 348 daAuts
